AoeStats
← AlexTAN

Arena

509931076Analyzed
4v4 RM · 3d ago on Sep 28, 2026· 54m 0s· 8 players
Game mode
Random Map
Map size
Large (8 player)
Population
200
Speed
Normal
Resources
Standard
Victory
Conquest
Starting age
Dark Age
Ending age
Imperial Age
RankedLock teamsTeams togetherTeam positionsShared explorationLock speedFull tech treeHidden civsTurbo modeCheats
Victory
Defeat
🇯🇵 Georgians · Japan
974
+14
🇺🇸 Berbers · United States
966
+14
🇺🇸 Bohemians · United States
845
+19
🇲🇽 Hindustanis · Mexico
827
+19
🇩🇪 Shu · Germany
987
-19
🇨🇴 Mongols · Colombia
923
-17
🇷🇴 Magyars · Romania
907
-16
🇲🇽 Bohemians · Mexico
856
-14
j.quintero_1988
1:17 Loom
11:02 Feudal Age
16:24 Castle Age
21:51 Chemistry
33:01 Imperial Age
34:01 Ballistics
33:37 Murder Holes
34:27 Double-Bit Axe
34:36 Fletching
34:47 Padded Archer Armor
SH3RK1
7:51 Loom
12:08 Feudal Age
14:06 Double-Bit Axe
14:06 Horse Collar
17:09 Castle Age
15:07 Gold Mining
18:35 Bow Saw
20:43 Bow Saw
22:15 Wheelbarrow
26:00 Imperial Age
23:21 Treadmill Crane
25:59 Husbandry
27:25 Gold Shaft Mining
26:41 Stone Mining
28:02 Two-Man Saw
30:25 Caravan
30:49 Padded Archer Armor
30:40 Fletching
30:55 Scale Barding Armor
31:11 Heavy Plow
32:01 Bloodlines
34:08 Parthian Tactics
33:55 Light Cavalry
34:33 Heavy Cavalry Archer
35:22 Thumb Ring
36:05 Ballistics
36:59 Leather Archer Armor
36:39 Bodkin Arrow
37:05 Chain Barding Armor
37:10 Conscription
37:23 Recurve Bow
46:41 Ring Archer Armor
46:11 Bracer
46:47 Plate Barding Armor
AlexTAN
0:28 Loom
12:08 Feudal Age
16:10 Castle Age
15:11 Double-Bit Axe
15:10 Horse Collar
21:21 Bow Saw
21:28 Padded Archer Armor
21:41 Fletching
22:58 Wheelbarrow
25:30 Heavy Plow
26:10 Gold Mining
26:10 Stone Mining
28:45 Hand Cart
29:33 Stone Mining
30:20 Ballistics
29:58 Bodkin Arrow
30:18 Leather Archer Armor
34:11 Imperial Age
32:02 Thumb Ring
34:17 Scale Mail Armor
34:22 Scale Barding Armor
34:14 Elite Mangudai
34:18 Capped Ram
35:08 Bracer
35:28 Siege Ram
37:26 Drill
38:09 Light Cavalry
38:59 Bloodlines
38:50 Husbandry
42:15 Onager
45:00 Hussar
Gello426205
9:55 Feudal Age
10:21 Double-Bit Axe
10:18 Horse Collar
13:51 Loom
18:48 Castle Age
16:58 Fletching
17:11 Scale Mail Armor
17:13 Gold Mining
17:35 Stone Mining
19:28 Forging
19:46 Bow Saw
19:38 Heavy Plow
21:51 Gold Shaft Mining
23:08 Chain Mail Armor
22:50 Bodkin Arrow
23:53 Ballistics
29:50 Imperial Age
28:13 Coiled Serpent Array
29:38 Wheelbarrow
28:54 Loom
29:03 Town Watch
29:36 Padded Archer Armor
29:38 Squires
29:23 Arson
29:01 Pikeman
30:52 Hand Cart
31:19 Plate Mail Armor
32:16 Two-Man Saw
32:09 Conscription
31:59 Elite White Feather Guard
33:20 Bolt Magazine
34:18 Leather Archer Armor
34:04 Bracer
35:09 Thumb Ring
34:27 Elite Skirmisher
37:14 Halberdier
42:41 Ring Archer Armor
49:28 Siege Engineers
GabrielLeal16
10:58 Feudal Age
15:30 Castle Age
13:31 Double-Bit Axe
15:02 Horse Collar
18:04 Wheelbarrow
17:41 Bow Saw
18:48 Loom
20:30 Hand Cart
21:27 Heavy Plow
27:01 Town Watch
27:18 Pikeman
28:59 Ballistics
30:14 Chemistry
29:24 Caravan
30:08 Wagenburg Tactics
30:48 Scale Mail Armor
30:59 Forging
30:53 Town Patrol
35:07 Imperial Age
34:14 Coinage
36:31 Murder Holes
36:55 Houfnice
37:34 Halberdier
43:53 Squires
43:38 Arson
44:34 Onager
46:24 Chain Mail Armor
46:45 Iron Casting
49:01 Plate Mail Armor
49:32 Blast Furnace
...
10:52 Feudal Age
10:33 Loom
13:08 Double-Bit Axe
13:05 Horse Collar
13:53 Gold Mining
20:09 Castle Age
18:33 Stone Mining
20:25 Wheelbarrow
20:30 Bloodlines
21:11 Heavy Plow
21:51 Bow Saw
23:14 Stone Shaft Mining
24:24 Hand Cart
26:24 Gold Shaft Mining
26:25 Fletching
31:43 Imperial Age
29:42 Ballistics
29:03 Treadmill Crane
30:42 Bodkin Arrow
30:48 Padded Archer Armor
32:09 Kasbah
33:00 Conscription
32:43 Maghrebi Camels
33:13 Leather Archer Armor
34:26 Chemistry
34:21 Illumination
33:41 Elite Camel Archer
36:20 Bracer
36:51 Ring Archer Armor
gabmtzf23
8:08 Loom
10:30 Feudal Age
15:58 Castle Age
14:50 Double-Bit Axe
18:23 Wheelbarrow
19:03 Town Watch
20:27 Horse Collar
22:00 Bow Saw
22:59 Hand Cart
23:21 Stone Mining
23:25 Gold Mining
25:04 Town Patrol
28:49 Bloodlines
28:40 Husbandry
31:22 Imperial Age
29:15 Caravan
30:51 Forging
30:47 Scale Barding Armor
30:45 Padded Archer Armor
31:34 Gold Shaft Mining
31:36 Stone Shaft Mining
34:01 Chemistry
33:11 Heavy Camel Rider
34:46 Iron Casting
34:37 Chain Barding Armor
37:10 Blast Furnace
35:34 Imperial Camel Rider
36:46 Shatagni
37:11 Leather Archer Armor
41:27 Plate Barding Armor
47:49 Ring Archer Armor
kagemusha
4:11 Loom
11:12 Feudal Age
17:53 Castle Age
16:14 Double-Bit Axe
16:38 Stone Mining
17:13 Gold Mining
17:16 Horse Collar
18:35 Loom
20:32 Wheelbarrow
23:26 Loom
23:27 Town Watch
32:08 Imperial Age
32:10 Hand Cart
33:14 Conscription
34:14 Fletching
34:30 Scale Barding Armor
37:04 Bloodlines
37:23 Light Cavalry
38:06 Husbandry
38:28 Chain Barding Armor
38:19 Forging
38:45 Hussar
40:33 Plate Barding Armor
40:37 Iron Casting
43:55 Blast Furnace
43:34 Bodkin Arrow
43:50 Aznauri Cavalry
46:12 Elite Monaspa
49:08 Heavy Plow
Connection lost

Rejoining the realm…

Still unreachable

The connection could not be restored.

Session expired

The server has moved on; the page needs a fresh start.